Cogmind - Beta 15 @@@ ROGUE MODE // 2025.05.30 @ 00:08:30 Player: Elias Result: Destroyed by S-10 Pest with Light Assault Rifle Performance ------------- Evolutions (0) 0 Regions Visited (2) 400 Robots Destroyed (14) 70 Value Destroyed (242) 242 Prototype IDs (0) 0 Alien Tech Used (0) 0 Bonus (0) 0 TOTAL SCORE: 712 Bonus ------- None Cogmind --------- Core Integrity 0/250 Matter 300/300 Energy 100/100 System Corruption 0% Temperature Cool (0) Movement Treading (160) Location -10/Mines Parts ------- > --- POWER (1) -------- (None) > --- PROPULSION (2) --- Light Treads Light Treads > --- UTILITY (2) ------ Small Storage Unit Seismic Detector > --- WEAPON (2) ------- Hammer > --- INVENTORY (8) ---- Heat Sink Targeting Computer Small Laser Mining Laser Peak State ------------ > --- POWER ------------ Light Nuclear Core > --- PROPULSION ------- Light Treads Light Treads > --- UTILITY ---------- Small Storage Unit Seismic Detector > --- WEAPON ----------- Hammer > --- INVENTORY -------- Ion Engine Heat Sink Targeting Computer Small Laser Mining Laser [Rating: 8] Favorites ----------- Power Ion Engine Engine Ion Engine Power Core Light Nuclear Core Propulsion Aluminum Leg Treads Light Treads Leg Aluminum Leg Utility Small Storage Unit Device Seismic Detector Storage Small Storage Unit Weapon Small Laser Energy Gun Small Laser Impact Weapon Hammer Build | -11 -10 -10 ------- Run | Yrd Mat Min Slots Evolved . | . . . Power . | . . . Propulsion . | . . . Utility . | . . . Weapon . | . . . Parts Attached 13 | 7 2 4 Power 3 | 1 1 1 Engine 2 | 1 1 . Core 1 | . . 1 Reactor . | . . . Propulsion 4 | 2 . 2 Treads 2 | . . 2 Leg 2 | 2 . . Wheel . | . . . Hover . | . . . Flight . | . . . Utility 2 | 2 . . Device 1 | 1 . . Storage 1 | 1 . . Processor . | . . . Hackware . | . . . Protection . | . . . Artifact . | . . . Weapon 4 | 2 1 1 Energy Gun 3 | 2 1 . Energy Cannon . | . . . Ballistic Gun . | . . . Ballistic Cannon . | . . . Launcher . | . . . Special Weapon . | . . . Impact Weapon 1 | . . 1 Slashing Weapon . | . . . Piercing Weapon . | . . . Special Melee Weapon . | . . . Unidentified Prototypes . | . . . Parts Lost 6 | . 1 5 Power 1 | . . 1 Propulsion 2 | . . 2 Utility . | . . . Weapon 3 | . 1 2 Highest Loss Streak 4 | . 1 4 To Critical Strikes . | . . . Average Backups 5 | 4 6 5 Power . | . 1 . Propulsion 1 | 1 2 1 Utility 1 | . . 1 Weapon 2 | 1 2 2 Tool/Special . | . . . Unused Backups 4 | . . 4 Power . | . . . Propulsion . | . . . Utility 2 | . . 2 Weapon 2 | . . 2 Tool/Special . | . . . Average Slot Usage (%) 91 | . 100 89 Engine 8 | . 14 7 Core 5 | . . 6 Treads 10 | . . 13 Leg 15 | . 28 13 Device 14 | . 14 14 Storage 14 | . 14 14 Energy Gun 14 | . 28 12 Impact Weapon 6 | . . 8 Peak Build Rating 8 | 7 7 8 Average Rating 6 | 5 6 7 On Entrance 4 | . 7 7 Naked Turns . | . . . Heaviest Build 14 | 12 14 14 Greatest Support 40 | 20 20 40 Greatest Overweight (x) 4 | 1 . 4 Average Overweight (x) . | . . . Largest Inventory Capacity 8 | 8 8 8 Average Capacity 7 | 7 8 8 Most Carried 7 | 6 7 7 Average Carried 5 | 4 6 5 Final Capacity 8 | 8 8 8 Final Carried 6 | 5 6 4 Class Distribution -------------------- 100% | Mutant Dominant Class ---------------- Mutant | -10/Materials Mutant | -10/Mines Resources | -11 -10 -10 ----------- Run | Yrd Mat Min Matter Collected 320 | 270 . 50 Remotely . | . . . Salvage Created 417 | 99 73 245 Parts 31 | 4 10 17 Haulers Intercepted . | . . . Recyclers Shooed 1 | 1 . . Parts Field Recycled . | . . . Retrieved Matter . | . . . Parts Self-Destructed . | . . . Prevented . | . . . Kills | -11 -10 -10 ------- Run | Yrd Mat Min Combat Hostiles Destroyed 9 | . 3 6 Melee 2 | . . 2 Guns 6 | . 3 3 Classes Destroyed 5 | 2 2 1 Builder 2 | . 1 1 Tunneler 2 | 1 . 1 Recycler 1 | 1 . . Swarmer 5 | . 3 2 Grunt 4 | . . 4 Best Kill Streak 4 | 1 4 2 Combat Bots Only 3 | . 3 2 Max Kills in Single Turn 2 | 1 2 1 Gunslinging . | . . . Exploded . | . . . Melee 1 | . . 1 Uniques/NPCs Destroyed . | . . . Combat | -11 -10 -10 -------- Run | Yrd Mat Min Hostile Shots Fired 111 | . 32 79 Missed 21 | . 6 15 Hits 90 | . 26 64 Projectile 90 | . 26 64 Damage Taken 997 | . 238 759 Core 251 | . 33 218 Absorbed by Shields . | . . . Core Remaining (%) 100 | 100 . . Volleys Fired 40 | 10 9 21 Largest 2 | 2 2 2 Hottest 80 | 80 80 80 Shots Fired 69 | 20 18 31 Gun 69 | 20 18 31 Cannon . | . . . Launcher . | . . . Special . | . . . Kinetic . | . . . Thermal 40 | 10 9 21 Explosive . | . . . Electromagnetic 29 | 10 9 10 Robot Hit Streak 9 | 3 2 9 Robot Miss Streak 3 | 3 2 2 Penetration Max . | . . . Secondary Targets 3 | . 3 . Max Gunslinging Chain 1 | . 1 . Shots Hit Robots 53 | 12 8 33 Core Hits 21 | 3 5 13 Critical Kills 1 | . . 1 Critical Parts Destroyed . | . . . Critical Strikes 1 | . . 1 Smash 1 | . . 1 Melee Attacks 18 | . . 18 Impact 18 | . . 18 Slashing . | . . . Piercing . | . . . Sneak Attacks 1 | . . 1 Combat Hostiles . | . . . Follow-up Attacks . | . . . Damage Inflicted 880 | 176 105 599 Guns 546 | 155 105 286 Cannons . | . . . Explosions 21 | 21 . . Melee 313 | . . 313 Ramming . | . . . Kinetic . | . . . Thermal 355 | 94 55 206 Explosive . | . . . Electromagnetic 212 | 82 50 80 Impact 313 | . . 313 Slashing . | . . . Piercing . | . . . Highest Corruption . | . . . Average Corruption . | . . . Corruption Purged . | . . . Corruption Blocked . | . . . Overload Shots . | . . . Overflow Damage 40 | . . 40 Projectiles . | . . . Explosions . | . . . Melee 40 | . . 40 Knockbacks 2 | . . 2 Impact 2 | . . 2 Kinetic . | . . . Secondary . | . . . Self-Inflicted Damage . | . . . Shots . | . . . Rammed . | . . . Targets Rammed . | . . . Kicked . | . . . Crushed . | . . . Highest Temperature 150 | 72 150 126 Average Temperature 48 | 26 60 53 Received Heat Transfer 303 | . 66 237 Siege Activations . | . . . Martial Activations . | . . . Shielding Activations . | . . . Robots Disrupted . | . . . Combat Hostiles . | . . . Robots Corrupted 1 | . . 1 Combat Hostiles 1 | . . 1 Parts Fried 1 | . . 1 Impact Corruptions 2 | . . 2 Robots Melted . | . . . Combat Hostiles . | . . . Parts Melted . | . . . Heat Transferred 825 | 225 125 475 Parts Sabotaged . | . . . Parts Stolen . | . . . Parts Stripped . | . . . Power Chain Reactions 1 | 1 . . Alert | -11 -10 -10 ------- Run | Yrd Mat Min Maximum Alert Level . | . . . Low Security (%) 100 | 100 100 100 Level 1 . | . . . Level 2 . | . . . Level 3 . | . . . Level 4 . | . . . Level 5 . | . . . High Security . | . . . Max Security . | . . . Peak Influence 65 | 5 65 57 Initial 21 | . . 21 Average 10 | . 12 11 Influence Increases 287 | 10 87 190 Destroy 0b10 Robot/C 180 | . 60 120 Destroy 0b10 Robot/NC 25 | 10 5 10 Destroy Leader 40 | . 10 30 Successful Hack 12 | . 12 . Lose Combat Pursuer 30 | . . 30 Influence Decreases 284 | 10 32 242 Entered New Map 34 | . . 34 Time Decay 210 | 10 22 178 Lost Part 40 | . 10 30 Squads Dispatched 1 | . 1 . Investigation . | . . . Extermination . | . . . Reinforcement 1 | . 1 . Assault . | . . . Garrison . | . . . Intercept . | . . . Searches Triggered . | . . . Construction Impeded . | . . . Haulers Reinforced . | . . . Active Scanning Responses . | . . . Cargo Convoy Interrupts . | . . . Stealth | -11 -10 -10 --------- Run | Yrd Mat Min Distress Signals 2 | . 2 . Communications Jammed . | . . . Distress Signals . | . . . Times Spotted 19 | . 8 11 Peak Tracking Total 5 | . 5 3 Tactical Retreats 2 | . . 2 Traps | -11 -10 -10 ------- Run | Yrd Mat Min Traps Triggered 1 | . . 1 Indirectly . | . . . Trap Hack Attempts . | . . . Triggered . | . . . Disarmed . | . . . Reprogrammed . | . . . Reused . | . . . Traps Extracted . | . . . Installed . | . . . Triggered . | . . . Machines | -11 -10 -10 ---------- Run | Yrd Mat Min Machines Disabled . | . . . Max in Single Turn . | . . . Machines Repaired . | . . . Machines Dismantled . | . . . Machines Sabotaged . | . . . Overloaded Fab Kills . | . . . Hacking | -11 -10 -10 --------- Run | Yrd Mat Min Machines Accessed 3 | . 2 1 Terminals 1 | . 1 . Fabricators . | . . . Repair Stations . | . . . Recycling Units 1 | . 1 . Scanalyzers . | . . . Garrison Access . | . . . Total Hacks 4 | . 3 1 Successful 4 | . 3 1 Failed . | . . . Catastrophic . | . . . Database Lockouts . | . . . Manual . | . . . Terminals 2 | . 2 . Fabricators . | . . . Repair Stations . | . . . Recycling Units 1 | . 1 . Scanalyzers . | . . . Garrison Access . | . . . Terminal Hacks 3 | . 2 1 Open Door 1 | . . 1 Branch Access Points 1 | . 1 . Zone Layout 1 | . 1 . Fabricator Hacks . | . . . Repair Station Hacks . | . . . Recycling Unit Hacks 1 | . 1 . Retrieve Components 1 | . 1 . Scanalyzer . | . . . Garrison Access Hacks . | . . . Unauthorized Hacks . | . . . Terminals . | . . . Fabricators . | . . . Repair Stations . | . . . Recycling Units . | . . . Scanalyzers . | . . . Garrison Access . | . . . Data Cores Recovered . | . . . Used . | . . . Hacking Detections . | . . . Full Trace Events . | . . . Feedback Events . | . . . Feedback Blocked . | . . . Robot Schematics Acquired . | . . . Robots Built . | . . . Authchips . | . . . Time . | . . . Total Robot Build Rating . | . . . Part Schematics Acquired . | . . . Parts Built . | . . . Authchips . | . . . Time . | . . . Total Part Build Rating . | . . . Parts Repaired . | . . . Time . | . . . Parts Recycled . | . . . Recycled Matter . | . . . Retrieved Matter . | . . . Retrieved Components 3 | . 3 . Parts Scanalyzed . | . . . Part Schematics Acquired . | . . . Parts Damaged . | . . . Bothacking | -11 -10 -10 ------------ Run | Yrd Mat Min Used RIF Installer . | . . . Robots Hacked . | . . . Non-combat . | . . . Combat . | . . . Robot Hacks Applied . | . . . Relay Couplers Released . | . . . Fabnet Peak Effective % . | . . . Robots Rewired . | . . . Allies Hacked . | . . . Hacks Repelled . | . . . Allies | -11 -10 -10 -------- Run | Yrd Mat Min Total Allies . | . . . Largest Group . | . . . Highest-Rated Group . | . . . Highest-Rated Ally . | . . . Total Orders . | . . . Ally Attacks . | . . . Total Damage . | . . . Kills . | . . . Allies Corrupted . | . . . Allies Melted . | . . . Intel | -11 -10 -10 ------- Run | Yrd Mat Min Active Infowar (turns) 912 | 10 139 763 Seismic 912 | 10 139 763 Robot Analysis Total . | . . . Derelict Logs Recovered 2 | . . 2 Drone Launches . | . . . Drone Recoveries . | . . . Exploration | -11 -10 -10 ------------- Run | Yrd Mat Min Turns Passed 1076 | 174 139 763 Spaces Moved 603 | 114 90 399 Core 34 | 25 . 9 Treads 208 | . . 208 Legs 361 | 89 90 182 Wheels . | . . . Hover . | . . . Flight . | . . . Fastest Speed 50 | 50 120 120 Average Speed 134 | 109 120 144 Slowest Speed 250 | 120 120 250 Overloaded Moves . | . . . Propulsion Burnouts . | . . . Robots Hopped . | . . . Potential Cave-ins . | . . . Cave-ins Triggered . | . . . Exploration Rate (%) 38 | 5 22 88 Regions Visited 2 Branch Regions 1 Pre-discovered Areas 2 | . . 2 Known Exits Taken 1 | . 1 . Unknown Exits Taken 1 | 1 . . Scrap Searched 1 | . . 1 Spaces Dug . | . . . Terrain Destroyed 2 | 2 . . Melee . | . . . Projectile . | . . . AOE 2 | 2 . . Terrain Rammed . | . . . Walls Destroyed . | . . . Machines Disabled . | . . . Actions | -11 -10 -10 --------- Run | Yrd Mat Min Total 767 | 142 102 523 Wait 76 | . . 76 Move 601 | 113 89 399 Hop . | . . . Pick Up 17 | 12 2 3 Fast Attach . | . . . Attach 11 | 7 1 3 Detach . | . . . Swap 2 | . 1 1 Drop 2 | . . 2 Fire 40 | 10 9 21 Melee 18 | . . 18 Ram . | . . . Kick . | . . . Crush . | . . . Escape Stasis . | . . . Rewire . | . . . Trap . | . . . Miscellaneous . | . . . Route ------- -11/Scrapyard -10/Materials -10/Mines (discovered 1 exit: [*Mat]) History --------- Turn | Location | Event 13 | -11/Scrapyard | Discovered new exit (range 14) 175 | -11/Scrapyard | Entered Materials 247 | -10/Materials | Identified exit to Mines 300 | -10/Materials | Build established: Mutant 314 | -10/Materials | Entered Mines 569 | -10/Mines | Discovered new exit (range 6) 713 | -10/Mines | Lost 4 parts (2n2w) 851 | -10/Mines | Learned location of Zion (-6) 898 | -10/Mines | Core integrity fell below 50% 1007 | -10/Mines | Met a Derelict who couldn't figure out how to use a Trap Extractor 1067 | -10/Mines | Core integrity fell below 20% 1077 | -10/Mines | Destroyed by S-10 Pest with Light Assault Rifle Last Messages --------------- Sealed Doors opened. 01007_ 4R-YXO(g): "So I found this thing but I have no idea how to use it. And who the hell trapped this place to begin with?!" 01007_ 4R-YXO(g): "I give up! Here you try, I'm outta here before something nasty happens..." 01007_ Tosses Imp. Trap Extractor to the ground. 01007_ 4R-YXO(g) triggered Explosive Trap. 01007_ An explosion rips through the floor. 01007_ Machine disabled. 01007_ Triggered Proton Bomb Trap. 01007_ A bubble of electromagnetic force engulfs the area. 01007_ Machine disabled. 01007_ Chain reaction triggered in Corrupted Deuterium Engine. 01007_ Machine disabled. 01007_ SHOP.Sys disabled. 01035_ Sneak attack on U-05 Engineer. 01035_ U-05 Engineer suffers critical hit (Smash). 01035_ U-05 Engineer destroyed. 01038_ K-01 Serf collects debris. 01069_ Lgt. Nuclear Core destroyed. Map ----- +----------------------------------------------------+ | | | | | | | | | ??????????????????????????????????#########??????? | | ??????????????????????????????????# " #??##### | | ?????????????????????????????????## /] #?## | | ?????????????????????????????????# ] ### | | ???????????????????????????######?# ! "" | | ??????????????????????????## ### # | | ??????????????????????????# ## | | ????????????????????????? # | | ????????????????????????? # ## | | ????????????????????????? # ## | | ???????????????????????"" ## #### | | ???????????????????? ?## #### #??## # | | ???????????????????? """" ??## ##??### ##???#### | | ?????????????????????"""" ???##!#?????####???????? | | ?????????????????????"""" ????#|#????????????????? | | ?????????????????????? ????#%#????????????????? | | ??????????????????????# #????#=#??????###???????? | | ??????????????????????# #????#*#?????## ##?????? | | ??????????????????????# ####?# #?????# ##????? | | #?????????????????????# # ### #?????# ###??? | | #???????????????????## ## ##????# #### | | #??????????????????# @ #?????# %[%= | | #######???? sts s ## #?????# [=### | | ##??######## ######? #?????## ##?? | | ##????????## ##?????? #??????## ####??? | | # ###???????###???????? #???????# #?????? | | # ##????????????????? #???##### #?????? | | # * #????????????????# ##### #?????? | | ##???????????????# #####?????? | | ####????????????### ### #?????????? | | #?????????????# #?# #?????????? | | #????????????# #?# #?????????? | | # ????????????# #?# #?????????? | | ### ## ##?????????????# #?# #?????????? | | ??# #?# ##??????????????# #?# #?####????? | | ??# #??# ####???????????????# #?# ## ##???? | | ??# #???## ##???????????######## ### #???? | | ??# #####?###????????????# #???? | | ??# #?????#??????????# ##???? | | ??######%#???? ???????????# ### ###????? | | ???????#[##?? #???????????????# ####??????? | | ???##### =### #???????????????## ##?????????? | | #### % #????????????????#### ###??????????? | | #???????????????????# #????????????? | | ####???????????????????# #????????????? | | #?????????????????????# #????????????? | +----------------------------------------------------+ Best States ------------- Heat Dissipation 25 Energy Generation 14 Energy Capacity 250 Matter Stores 300 Matter Capacity 300 Sight Range 16 Terrain Scan Density 10 Evasion (%) 55 Recoil Reduction 2 Item Schematics ----------------- None Robot Schematics ------------------ None Fabricated ------------ Nothing Repaired ---------- Nothing Alien Tech Used ----------------- None Achievements -------------- None Challenges ------------ None Game ------ Seed ExpertZioniteBlade Manual? 0 Play Time 00:06:31 Cumulative 30.7 hours Start 2025.05.30 @ 00:02:30 End 2025.05.30 @ 00:08:30 Sessions 1 Manual Loads 0 Difficulty Rogue Special Mode None Game No. 46 Rogue 46 Adventurer 0 Explorer 0 Win Type - Total 0 Types 0/0/0/0/0/0/0/0/0/0 Lore% 28 Gallery% 32 Achievement% 26 Wizard Run 0 Options --------- Layout 0 ASCII 0 Keyboard 0 Movement Mouse Keybinds 0 Fullscreen 1 Font 18/SmallcapsGlow Map View 76x50 Zoom Use 0% Tactical HUD 1 Map Filters NONE Filters NONE Steam 1 RUN: b6cd687f-9f86-4e12-9679-2c1f3a4f04b6